 Dungeon Crawl Stone Soup version 0.29.1-15-g9cfb28693d (webtiles) character file.

Game seed: 10259821988681573854

108 KittyFluff the Cudgeller (level 4, 0/29 HPs)
             Began as a Gargoyle Berserker on Apr 26, 2023.
             Was a Believer of Trog.
             Slain by a gnoll
             ... wielding a +0 spear
              (8 damage)
             ... on level 3 of the Dungeon.
             The game lasted 00:10:16 (3159 turns).

KittyFluff the Cudgeller (Gargoyle Berserker)       Turns: 3159, Time: 00:10:17

Health: 0/29       AC:  8    Str: 20    XL:     4   Next: 87%
Magic:  4/4        EV: 12    Int:  8    God:    Trog [**....]
Gold:   93         SH:  0    Dex: 11    Spells: 3/3 levels left

rFire   . . .      SeeInvis .   a - +0 mace
rCold   . . .      Faith    .   (no shield)
rNeg    + . .      Spirit   .   h - +0 leather armour
rPois   ∞          Reflect  .   b - +0 helmet
rElec   +          Harm     .   (no cloak)
rCorr   .          Rampage  .   (no gloves)
Will    .....                   (no boots)
Stlth   +.........              (no amulet)
HPRegen 0.09/turn               (no ring)
MPRegen 0.09/turn               (no ring)

@: no status effects
A: sickness immunity, AC +3, negative energy resistance 1, electricity
resistance, torment resistance 1, petrification resistance
a: Renounce Religion, Berserk, Trog's Hand


You were on level 3 of the Dungeon.
You worshipped Trog.
Trog was pleased with you.
You visited 1 branch of the dungeon, and saw 3 of its levels.

You collected 93 gold pieces.

Inventory:

Hand Weapons
 a - a +0 mace (weapon)
 t - a +0 sling
Missiles
 d - 2 boomerangs
 l - 6 poisoned darts (quivered)
 r - 3 atropa-tipped darts
Armour
 b - a +0 helmet (worn)
 h - a +0 leather armour (worn)
 i - a +3 ring mail
Jewellery
 c - an amulet of magic regeneration
Scrolls
 f - 2 scrolls of poison
 g - 2 scrolls of torment {unknown}
 q - 2 scrolls of teleportation {unknown}
 s - a scroll of butterflies {unknown}
 v - a scroll of enchant weapon {unknown}
 w - a scroll of enchant armour {unknown}
Potions
 e - 2 potions of flight
 j - a potion of cancellation
 k - 2 potions of curing
 m - a potion of resistance {unknown}
 n - a potion of brilliance {unknown}
 o - a potion of might {unknown}
 p - a potion of attraction {unknown}
 u - a potion of ambrosia {unknown}
 z - a potion of berserk rage {unknown}


   Skills:
 + Level 3.9 Fighting
 + Level 4.0 Maces & Flails
 * Level 3.3 Armour
 + Level 2.1 Dodging
 + Level 0.1 Stealth


You had 3 spell levels left.
You didn't know any spells.
Your spell library was empty.

Dungeon Overview and Level Annotations

Branches:
Dungeon (3/15)

Altars:

Annotations:
D:3 1 transporter


Innate Abilities, Weirdness & Mutations

You are immune to sickness and miasma.
Your stone body is resilient. (AC +3)
You are immune to poison.
You resist negative energy. (rN+)
You are resistant to electric shocks. (rElec)
You are resistant to unholy torment.
You are immune to petrification.


Message History

The adder attacks as you move away! The adder misses you.
The adder attacks as you move away!
The adder bites you but does no damage. x2
You sock the adder!
The adder is heavily wounded.
The adder bites you but does no damage. The ball python barely misses you.
The ball python grabs you. The ball python constricts you.
You hit the adder.
You kill the adder!
Trog accepts your kill. The ball python barely misses you.
The ball python constricts you. The gnoll barely misses you.
You sock the ball python!
You kill the ball python!
Trog accepts your kill. The gnoll hits you but does no damage.
The gnoll closely misses you.
A gnoll comes into view.
It is wielding a +0 flail of protection.
You see here a ball python corpse.
You closely miss the gnoll.
The gnoll shouts!
The gnoll hits you with a +0 spear. The gnoll closely misses you.
The gnoll barely misses you.
You hit the gnoll.
The gnoll is moderately wounded.
The gnoll misses you. The gnoll hits you with a +0 spear.
The gnoll hits you with a +0 flail of holy wrath.
You barely miss the gnoll.
The gnoll is moderately wounded.
The gnoll closely misses you. The gnoll hits you with a +0 spear.
The gnoll barely misses you.
The gnoll hits you with a +0 flail of holy wrath.
The gnoll hits you with a +0 spear. The gnoll hits you but does no damage.
The air fills with toxic fumes!
As you read the scroll labelled EDOHAU CI QIHE, it crumbles to dust.
It was a scroll of poison.
The gnoll closely misses you. The gnoll hits you with a +0 spear.
* * * LOW HITPOINT WARNING * * *
The gnoll closely misses you. The gnoll hits you with a +0 spear!
You die...

...........†.....(.......
###......##############!<
#####§§§§§§.# #.. ....§§#§§§§.#
#.. .#.....§§§§§§§## #..
/©#©....§§§§§§§# #..
#..#.....§§§§§§§## #..
#P8#.....§§§§§§§§# #..
####.....§§§§§§§@# ###
.....>...§§§§g§g†######
.........§§§§§§gg§§§§§###########
.........§§§§§####§§§§§§.........
.........§§§§## ######§..#......
.........§#### ###.#......
..........# #........ ####......#
###...... #......# #......


You could see 4 gnolls.

Vanquished Creatures
  3 adders
  4 worms
  2 dart slugs
  4 orcs
  4 bats
  7 endoplasms
  2 giant cockroaches
  7 goblins
  4 hobgoblins
  2 jackals (D:1)
  5 kobolds
  2 quokkas (D:1)
  8 ball pythons
  5 rats
59 creatures vanquished.

Vanquished Creatures (others)
  A plant (D:3)
1 creature vanquished.

Grand Total: 60 creatures vanquished

Notes
Turn   | Place    | Note
-------+----------+-------------------------------------------
     0 | D:1      | KittyFluff the Gargoyle Berserker began the quest for the
                  | Orb.
     0 | D:1      | Reached XP level 1. HP: 14/14 MP: 1/1
   370 | D:1      | Reached XP level 2. HP: 13/19 MP: 2/2
   868 | D:1      | Reached ** piety under Trog
   929 | D:1      | Found a faded altar of an unknown god.
  1064 | D:1      | Reached XP level 3. HP: 24/24 MP: 3/3
  2097 | D:2      | Reached XP level 4. HP: 28/29 MP: 4/4
  2963 | D:2      | Reached skill level 4 in Maces & Flails
  3136 | D:3      | Found a transporter.
  3159 | D:3      | Slain by a gnoll

Illustrated notes

Levels and vault maps discovered:
D:1:      ncdulo_watergridlock, layout_basic,
          hellmonk_ecumenical_altar_inner_sanctum, grunt_decor_one_mirror,
          minmay_ruptured
D:2:      layout_basic, kennysheep_another_room, minmay_increasing_density
D:3:      gammafunk_steamed_eel, layout_rooms,
          gammafunk_temple_overflow_forgotten

Skill      XL: |  1  2  3  4 |
---------------+-------------+-----
Dodging        | 2 |  2.1
Armour         | 3 |  3.3
Maces & Flails | 4 |  4.0
Fighting       | |  3.9
Stealth        | |  0.1

Action                   |  1- 3 |  4- 6 || total
-------------------------+-------+-------++-------
Melee: Mace              |   119 |    58 ||   177
       Punch             |     1 |     1 ||     2
  Use: Scroll            |       |     5 ||     5
Armor: Animal skin       |    13 |       ||    13
       Leather armour    |    23 |    26 ||    49
Dodge: Dodged            |    83 |    48 ||   131
